 Dungeon Crawl Stone Soup version 0.30-b1-2-g02819fbbbe (webtiles) character file.

Game seed: 13879262927089676217

18480 Dirian the Severer (level 12, 0/112 HPs)
             Began as a Minotaur Fighter on May 20, 2023.
             Was an Elder of Makhleb.
             Slain by a shadow (19 damage)
             ... on level 12 of the Dungeon.
             The game lasted 00:15:54 (13102 turns).

Dirian the Severer (Minotaur Fighter)              Turns: 13102, Time: 00:15:56

Health: 0/112      AC: 20    Str: 26    XL:     12   Next: 28%
Magic:  14/14      EV:  8    Int:  5    God:    Makhleb [****..]
Gold:   681        SH: 10    Dex: 10    Spells: 11/11 levels left

rFire   + . .        g - +1 broad axe (vamp)
rCold   . . .        F - +1 kite shield
rNeg    . . .        I - +0 shadow dragon scales
rPois   +            (helmet restricted)
rElec   .            f - +0 cloak
rCorr   .            (no gloves)
SInv    .            z - +0 pair of boots
Will    .....        (no amulet)
Stlth   ++           x - ring of protection from fire
HPRegen 0.38/turn    K - ring of poison resistance
MPRegen 0.14/turn

%: no passive effects
@: no status effects
A: horns 2, retaliatory headbutt
a: Renounce Religion, Minor Destruction, Lesser Servant of Makhleb, Major
Destruction


You were on level 12 of the Dungeon.
You worshipped Makhleb.
Makhleb was greatly pleased with you.
You visited 1 branch of the dungeon, and saw 12 of its levels.
You also visited: Sewer.

You collected 695 gold pieces.
You spent 14 gold pieces at shops.

Inventory:

Hand Weapons
 a - a +1 war axe
 g - a +1 vampiric broad axe (weapon)
 v - a +0 morningstar
Missiles
 C - 4 throwing nets (quivered)
Armour
 f - a +0 cloak (worn)
 z - a +0 pair of boots (worn)
 F - a +1 kite shield (worn)
 I - +0 shadow dragon scales (worn)
Jewellery
 x - a ring of protection from fire (left hand)
 K - a ring of poison resistance (right hand)
Wands
 i - a wand of roots (8)
 s - a wand of flame (44)
 y - a wand of charming (4)
 B - a wand of acid (6)
Scrolls
 c - a scroll of noise {unknown}
 d - a scroll of magic mapping {unknown}
 j - 3 scrolls of fear
 r - 5 scrolls of identify
 D - a scroll of immolation
 E - 4 scrolls of fog
 G - a scroll of poison
 H - a scroll of brand weapon
Potions
 b - 2 potions of magic
 e - 2 potions of invisibility
 h - a potion of berserk rage
 l - a potion of attraction
 m - 2 potions of lignification {unknown}
 n - a potion of resistance
 o - 2 potions of ambrosia
 q - a potion of curing
 t - a potion of flight {unknown}
 u - 3 potions of mutation {unknown}
 A - a potion of cancellation {unknown}
Miscellaneous
 p - a phantom mirror


   Skills:
 + Level 12.0 Fighting
 - Level 16.0 Axes
 + Level 12.9 Armour
 + Level 5.6 Shields
 * Level 4.7 Invocations


You had 11 spell levels left.
You didn't know any spells.
Your spell library contained the following spells:

 Spells                   Type           Power      Damage    Failure   Level
 Apportation              Tloc           0%         N/A       99%         1
 Magic Dart               Conj           0%         1d3       99%         1
 Necrotise                Necr           0%         1d4       99%         1
 Sandblast                Erth           0%         2d4       99%         1
 Summon Small Mammal      Summ           0%         N/A       99%         1
 Call Imp                 Summ           0%         N/A       100%        2
 Ensorcelled Hibernation  Hex/Ice        0%         N/A       100%        2
 Passwall                 Tmut/Erth      0%         N/A       100%        2
 Call Canine Familiar     Summ           0%         N/A       100%        3
 Mephitic Cloud           Conj/Pois/Air  0%         N/A       100%        3
 Portal Projectile        Hex/Tloc       0%         N/A       100%        3
 Stone Arrow              Conj/Erth      0%         3d7       100%        3
 Swiftness                Air            0%         N/A       100%        3
 Tukima's Dance           Hex            0%         N/A       100%        3
 Vhi's Electric Charge    Tloc/Air       0%         N/A       100%        3
 Leda's Liquefaction      Hex/Erth       0%         N/A       100%        4
 Alistair's Intoxication  Tmut/Pois      0%         N/A       100%        5
 Arcjolt                  Conj/Air       0%         1d10      100%        5
 Blade Hands              Tmut           0%         N/A       100%        5
 Borgnjor's Vile Clutch   Necr/Erth      0%         N/A       100%        5
 Eringya's Noxious Bog    Tmut/Pois      0%         N/A       100%        6
 Maxwell's Capacitive Co  Air            0%         ∞         100%        8


Dungeon Overview and Level Annotations

Branches:
Dungeon (12/15) Zot: 26105  Temple (0/1) D:7            Lair (0/5) D:9
    Orc (0/2) D:11          Sewer (visited)

Altars:
Dithmenos
Elyvilon
Makhleb
Qazlal
Sif Muna
Vehumet
Zin
The Shining One

Shops:
D:3 ([   D:6 !

Annotations:
D:6 1 runed translucent door, CcS's ghost, novice DECj
D:7 exclusion: ice statue


Innate Abilities, Weirdness & Mutations

You have a pair of horns on your head.
You reflexively headbutt those who attack you in melee.


Message History

The shadow flickers and vanishes!
Deactivating autopickup; reactivate with Ctrl-A.
You closely miss something. Your headbutt misses something.
The shadow strikes at you from the darkness!
Reactivating autopickup.
You slice the shadow!!
The shadow is almost destroyed.
The shadow slips into darkness.
The shadow flickers and vanishes!
Deactivating autopickup; reactivate with Ctrl-A.
You closely miss something.
The shadow strikes at you from the darkness!
* * * LOW HITPOINT WARNING * * *
Reactivating autopickup.
You hit the shadow but do no damage.
The shadow is almost destroyed.
The shadow hits you.
* * * LOW HITPOINT WARNING * * *
You barely miss the shadow.
You headbutt the shadow, but do no damage.
The shadow is almost destroyed.
The shadow slips into darkness.
The shadow flickers and vanishes!
Deactivating autopickup; reactivate with Ctrl-A.
You closely miss something.
The shadow strikes at you from the darkness!
* * * LOW HITPOINT WARNING * * *
Reactivating autopickup.
You slice the shadow!!
You destroy the shadow!
Makhleb accepts your kill.
You feel better.
You slash the centaur warrior zombie!
You headbutt the centaur warrior zombie, but do no damage.
The centaur warrior zombie is lightly damaged.
The centaur warrior zombie hits you.
* * * LOW HITPOINT WARNING * * *
The centaur warrior zombie kicks you but does no damage.
The shadow strikes at you from the darkness!
You die...

#....#.{.)...Z..
#....#..ZZ.Z....
#....#..###W#Z#. #
#..[.#..# # #
###.z..#..# #
##...Wz.#..# #
###..##W###..# #
#..>###.###..###########
#.### #@#...###.........
#...^.# #.Z.###
#......... #...### #..##
#......... #...#####
##.# #.........
#...#..<# #.# #......#..
#...#...####.#
#......##.
#......>##...#
#......###
#...#......#.# #...)÷[#
# #.. #....###.#
#####.## #


You could see a skeletal warrior, 2 wraiths, a wight and a centaur warrior
zombie.

Vanquished Creatures
  Harold (D:9)
  Erica (D:8)
  A boulder beetle (D:12)
  3 two-headed ogres
  Pikel (D:5)
  A necromancer (D:12)
  2 ugly things (D:12)
  A manticore (D:12)
  An elephant (D:9)
  A cyclops (D:11)
  A centaur zombie (D:12)
  A gargoyle (D:12)
  A centaur skeleton (D:12)
  2 unseen horrors (D:10)
  3 trolls
  3 hornets
  Prince Ribbit (D:5)
  3 flying skulls (D:12)
  2 shadows
  15 yaks
  5 wraiths
  2 wyverns
  Eustachio (D:6)
  A steam dragon (D:6)
  2 vampire mosquitoes (D:12)
  2 acid dragons
  5 water moccasins
  Duvessa (D:4)
  2 sky beasts
  An ice beast (D:6)
  4 black bears
  6 orc warriors
  3 centaurs
  A lemure (D:5)
  2 phantoms
  3 bullfrogs
  A gnoll sergeant (D:9)
  4 scorpions
  5 wights (D:8)
  Dowan (D:4)
  7 killer bees
  2 hounds
  6 orc priests
  A gnoll bouda (D:8)
  4 jellies
  Jessica (D:2)
  4 iguanas
  A sleepcap (D:6)
  Natasha (thrice) (D:2)
  15 orc wizards
  16 gnolls
  6 adders
  A white imp (D:7)
  An ufetubus (D:7)
  A worm (D:3)
  2 dart slugs
  39 orcs
  5 ball pythons
  6 endoplasms
  3 giant cockroaches
  5 goblins
  6 hobgoblins
  2 jackals (D:5)
  A quokka (D:4)
  11 bats
  A frilled lizard (D:1)
  12 kobolds
  6 rats
265 creatures vanquished.

Vanquished Creatures (others)
  An orc wizard (D:10)
  6 plants (D:3)
7 creatures vanquished.

Grand Total: 272 creatures vanquished

Notes
Turn   | Place    | Note
-------+----------+-------------------------------------------
     0 | D:1      | Dirian the Minotaur Fighter began the quest for the Orb.
     0 | D:1      | Reached XP level 1. HP: 19/19 MP: 0/0
   252 | D:1      | Reached XP level 2. HP: 27/27 MP: 1/1
  1006 | D:2      | Noticed Natasha
  1010 | D:2      | Reached skill level 3 in Axes
  1016 | D:2      | Killed Natasha
  1017 | D:2      | Reached XP level 3. HP: 7/33 MP: 2/2
  1041 | D:2      | Noticed Jessica
  1176 | D:2      | Killed Jessica
  1177 | D:2      | Reached XP level 4. HP: 29/41 MP: 3/3
  1233 | D:2      | Noticed Natasha
  1241 | D:2      | Killed Natasha
  1242 | D:2      | Reached skill level 4 in Axes
  1284 | D:2      | Noticed Natasha
  1304 | D:2      | Killed Natasha
  1402 | D:2      | Reached XP level 5. HP: 47/47 MP: 4/4
  1577 | D:2      | Reached skill level 5 in Armour
  2034 | D:3      | Found Fupemam's Armour Shop.
  2034 | D:3      | Found a glowing drain.
  2052 | Sewer    | Entered a sewer
  2086 | Sewer    | Noticed a water moccasin
  2097 | Sewer    | Killed a water moccasin
  2098 | Sewer    | Reached skill level 5 in Axes
  2098 | Sewer    | Reached XP level 6. HP: 46/55 MP: 5/5
  2204 | D:3      | Found Vul Qel's Weapon Boutique.
  2407 | D:3      | Found a white marble altar of Elyvilon.
  2418 | D:3      | Found a burning altar of Makhleb.
  2842 | D:3      | Became a worshipper of Makhleb the Destroyer
  2910 | D:4      | Reached skill level 5 in Fighting
  2917 | D:4      | Noticed Duvessa
  2939 | D:4      | Noticed Dowan
  2945 | D:4      | Killed Duvessa
  2946 | D:4      | Reached skill level 6 in Axes
  2950 | D:4      | Killed Dowan
  3147 | D:4      | Found a shadowy altar of Dithmenos.
  3224 | D:4      | Reached * piety under Makhleb
  3225 | D:4      | Reached XP level 7. HP: 48/61 MP: 6/6
  3355 | D:4      | Reached skill level 7 in Axes
  3716 | D:5      | Entered Level 5 of the Dungeon
  4061 | D:5      | Reached skill level 8 in Axes
  4061 | D:5      | Reached XP level 8. HP: 43/70 MP: 7/7
  4184 | D:5      | Noticed Prince Ribbit
  4199 | D:5      | Killed Prince Ribbit
  4442 | D:5      | Noticed Pikel
  4457 | D:5      | Killed Pikel
  4458 | D:5      | Reached skill level 9 in Axes
  4771 | D:5      | Reached skill level 10 in Axes
  4771 | D:5      | Reached ** piety under Makhleb
  5048 | D:6      | Reached XP level 9. HP: 79/79 MP: 8/8
  5391 | D:6      | Found a runed translucent door.
  5392 | D:6      | Noticed CcS's ghost (novice DECj)
  5437 | D:6      | Found Xakhloa's Distillery.
  5445 | D:6      | Bought a potion of degeneration for 14 gold pieces
  5785 | D:6      | Noticed Eustachio
  5804 | D:6      | Killed Eustachio
  5805 | D:6      | Reached skill level 11 in Axes
  6186 | D:7      | Paralysed by a hornet for 3 turns
  6190 | D:7      | Paralysed by a hornet for 2 turns
  6557 | D:7      | Found a staircase to the Ecumenical Temple.
  7111 | D:7      | Reached skill level 10 in Armour
  7128 | D:7      | Noticed an ice statue
  7352 | D:8      | Noticed Erica
  7371 | D:8      | Killed Erica
  7372 | D:8      | Reached skill level 12 in Axes
  7372 | D:8      | Reached XP level 10. HP: 65/90 MP: 9/9
  7661 | D:8      | Reached *** piety under Makhleb
  7689 | D:8      | Found a stormy altar of Qazlal.
  7695 | D:8      | Paralysed by a hornet for 2 turns
  8262 | D:9      | Noticed an elephant
  8262 | D:9      | Found a staircase to the Lair.
  8278 | D:9      | Killed an elephant
  8279 | D:9      | Reached skill level 13 in Axes
  8289 | D:9      | Identified the +3 scale mail of Sabreenly {Dex+4}
  8547 | D:9      | Noticed a two-headed ogre
  8565 | D:9      | Killed a two-headed ogre
  8566 | D:9      | Reached skill level 10 in Fighting
  8736 | D:9      | Noticed Harold
  8748 | D:9      | Killed Harold
  8749 | D:9      | Reached skill level 14 in Axes
  8749 | D:9      | Reached XP level 11. HP: 66/100 MP: 10/10
  9196 | D:9      | Noticed a two-headed ogre
  9205 | D:9      | Killed a two-headed ogre
  9715 | D:10     | Entered Level 10 of the Dungeon
  9760 | D:10     | Noticed a two-headed ogre
  9771 | D:10     | Killed a two-headed ogre
  9772 | D:10     | Reached skill level 1 in Invocations
 10089 | D:10     | Reached skill level 15 in Axes
 10203 | D:10     | Found a shimmering blue altar of Sif Muna.
 10380 | D:10     | Reached **** piety under Makhleb
 10403 | D:10     | Found a glowing golden altar of the Shining One.
 10599 | D:10     | Found a radiant altar of Vehumet.
 10805 | D:10     | Found a glowing silver altar of Zin.
 10806 | D:10     | Noticed an angel
 11060 | D:11     | Paralysed by a hornet for 1 turns
 11073 | D:11     | HP: 4/102 [hornet (8)]
 11074 | D:11     | HP: 1/102 [poisoned by a hornet]
 12008 | D:11     | Found a staircase to the Orcish Mines.
 12269 | D:12     | Noticed a boulder beetle
 12284 | D:12     | Killed a boulder beetle
 12542 | D:12     | Noticed a brown ugly thing
 12553 | D:12     | Killed a brown ugly thing
 12554 | D:12     | Reached XP level 12. HP: 94/110 MP: 13/13
 12627 | D:12     | Reached skill level 5 in Shields
 13000 | D:12     | Reached skill level 16 in Axes
 13102 | D:12     | Slain by a shadow

Illustrated notes

Levels and vault maps discovered:
D:1:      dpeg_arrival_brainrot, layout_loops_corners
D:2:      layout_loops_ring, uniq_jessica, uniq_natasha
D:3:      layout_basic, mainiacjoe_overflow_big_doors, serial_shops, shop,
          nicolae_shop_tiny_statue_garden, portal_sewer_entry_b,
          serial_bayou_lake_a
D:4:      layout_gridville, mainiacjoe_overflow_brackets, uniq_duvessa
D:5:      layout_basic, corexii_shack, uniq_prince_ribbit1, uniq_pikel
D:6:      layout_basic, serial_shops, shop_fountains,
          ebering_ghost_reflecting_pool, uniq_eustachio
D:7:      lemuel_ice_statue, layout_loops_cross, minmay_temple_entry_crystal_x
D:8:      layout_basic, nicolae_qazlal_style_of_elements, serial_glass,
          glass_columns_a, glass_columns_a, serial_bayou_pond_a, uniq_erica
D:9:      layout_basic, david_lair_generic, wad_dig_loot, uniq_harold
D:10:     layout_cross, zin_angel, kennysheep_orc_sif_temple, tso_metal_star,
          mainiacjoe_overflow_catwalk
D:11:     layout_loops_ring, orc_0_dummy, chequers_serial_rivers_small_a,
          nrook_loot_triangle
D:12:     hangedman_screamer, layout_rooms

Skill      XL: |  1  2  3  4  5  6  7  8  9 10 11 12 |
---------------+-------------------------------------+-----
Fighting       | 4 5 6 7 8 10 11 12 | 12.0
Armour         | 4 5 6 7 8 10 11 12 | 12.9
Axes           | 3 4 5 6 8 10 12 14 15 16 | 16.0
Invocations    | 3 4 |  4.7
Shields        | 4 5 |  5.6

Action                     |  1- 3 |  4- 6 |  7- 9 | 10-12 || total
---------------------------+-------+-------+-------+-------++-------
  Melee: War axe           |    57 |   137 |   114 |       ||   308
         Headbutt          |    10 |    18 |    42 |    99 ||   169
         Punch             |     1 |     3 |     4 |     1 ||     9
         Broad axe         |       |       |   112 |   397 ||   509
    Use: Scroll            |       |     7 |     6 |     4 ||    17
         Potion            |       |     1 |     2 |     5 ||     8
 Armour: Scale mail        |    34 |    82 |     8 |    57 ||   181
         Chain mail        |       |       |   127 |    29 ||   156
         Shadow dragon sca |       |       |       |    93 ||    93
  Dodge: Dodged            |    29 |    77 |   103 |   213 ||   422
  Block: Kite shield       |       |       |       |   140 ||   140
